 Dungeon Crawl Stone Soup version 0.21.1-1-g345015fe64 (webtiles) character file.

44 DildoBatman the Sneak (level 3, -8/29 HPs)
             Began as a Formicid Enchanter on Feb 16, 2018.
             Mangled by Terence
             ... wielding a +3 morningstar of protection
              (12 damage)
             ... on level 2 of the Dungeon.
             The game lasted 00:02:59 (1111 turns).

DildoBatman the Sneak (Formicid Enchanter)          Turns: 1111, Time: 00:03:00

Health: -8/29      AC:  6    Str: 13    XL:     3   Next: 87%
Magic:  0/6        EV: 11    Int: 14    God:
Gold:   36         SH:  0    Dex: 11    Spells: 2/6 levels left

rFire    . . .     SeeInvis +   a - +0 dagger (drain)
rCold    . . .     Gourm    .   (no shield)
rNeg     . . .     Faith    .   h - +0 ring mail
rPois    .         Spirit   .   (helmet unavailable)
rElec    .         Reflect  .   (no cloak)
rCorr    .         Harm     .   i - +0 pair of gloves
MR       .....                  (no boots)
Stlth    ++........             (no amulet)
HPRegen  0.09/turn              (no ring)
MPRegen  0.10/turn              (no ring)

@: very slightly contaminated
A: permanent stasis, dig shafts and tunnels, four strong arms, antennae 3
a: Dig, Shaft Self


You were on level 2 of the Dungeon.
You were hungry.

You visited 1 branch of the dungeon, and saw 2 of its levels.

You collected 36 gold pieces.

Inventory:

Hand Weapons
 a - a +0 dagger of draining (weapon)
 b - a +1 dagger
Armour
 h - a +0 ring mail (worn)
 i - a +0 pair of gloves (worn)
Scrolls
 d - 2 scrolls of remove curse {unknown}
 e - a scroll of enchant weapon {unknown}
 f - a scroll of fear {unknown}
 k - a scroll of fog {unknown}
 l - a scroll of amnesia {unknown}
 n - 3 scrolls of identify {unknown}
 o - a scroll of immolation {unknown}
Potions
 j - a potion of curing {unknown}
 m - a potion of lignification {unknown}
 p - a potion of magic {unknown}
Books
 c - a book of Maledictions

   Spells                             Type                      Level
   a - Corona                         Hexes                        1
   b - Ensorcelled Hibernation        Hexes/Ice                    2
   c - Confuse                        Hexes                        3
   d - Tukima's Dance                 Hexes                        3
   e - Dazzling Spray                 Conjuration/Hexes            3
Comestibles
 g - 6 chunks of flesh
 v - 2 rations


   Skills:
 - Level 3.0 Fighting
 - Level 1.0 Short Blades
 * Level 0.6 Armour
 - Level 2.0 Dodging
 * Level 3.8 Stealth
 - Level 2.1 Spellcasting
 - Level 3.6 Hexes


You had 2 spell levels left.
You knew the following spells:

 Your Spells              Type           Power        Failure   Level  Hunger
a - Corona                Hex            ##.....      11%         1    #......
b - Confuse               Hex            ##......     32%         3    ###....


Dungeon Overview and Level Annotations

Branches:
Dungeon (2/15)

Altars:
Trog

Annotations:
D:2 1 runed door, Terence


Innate Abilities, Weirdness & Mutations

You cannot be hasted, slowed, berserked, paralysed or teleported.
You can dig through walls and to a lower floor.
Your four strong arms can wield two-handed weapons with a shield.
You have a pair of large antennae on your head. (SInv)


Message History

You are very lightly contaminated with residual magic.
The light around you dims momentarily.
Casting: Confuse
Confirm with . or Enter, or press ? or * to list all spells.
Aiming: Confuse
Press: ? - help, Shift-Dir - straight line, f/p - Terence
Aim: Terence, wielding a morningstar of protection and wearing a glowing scale mail (berserk, fast, unusually strong, chance to defeat MR: 50%)
You miscast Confuse.
Your hands glow momentarily.
You are feeling hungry.
Terence hits you with a morningstar of protection!!
Ouch! That really hurt!
You barely miss Terence. Terence misses you.
You hit Terence but do no damage. Terence closely misses you.
You hit Terence but do no damage.
Terence hits you with a morningstar of protection.
Terence hits you with a morningstar of protection!
You die...

#.....(#.# #.# #.#.##..#
#.# #.#.##.## #.# #
#...## #.# #.#..#.## #.#
####.#(.#..#.###.######.
..........#.............
####.#..###### #@#
............####@######
.......####...).........
####### ############.#


You could see Terence (berserk).

Vanquished Creatures
  2 dart slugs (D:1)
  3 leopard geckos
  5 bats (D:1)
  A giant cockroach (D:2)
  4 goblins
  7 hobgoblins
  2 jackals (D:1)
  A ball python (D:1)
  3 frilled lizards
  2 kobolds (D:1)
  4 rats
34 creatures vanquished.

Notes
Turn   | Place    | Note
-------+----------+-------------------------------------------
     0 | D:1      | DildoBatman the Formicid Enchanter began the quest for the Orb.
     0 | D:1      | Reached XP level 1. HP: 13/13 MP: 3/3
    61 | D:1      | Reached skill level 1 in Fighting
    93 | D:1      | Reached XP level 2. HP: 11/22 MP: 3/5
   507 | D:1      | Reached XP level 3. HP: 24/28 MP: 3/6
   536 | D:1      | Learned a level 3 spell: Confuse
   972 | D:2      | Found a bloodstained altar of Trog.
  1011 | D:2      | Found a runed door.
  1105 | D:2      | Noticed Terence
  1111 | D:2      | Mangled by Terence

Skill      XL: |  1  2  3 |
---------------+----------+-----
Fighting       | 1 2 3 |  3.0
Dodging        | 2 |  2.0
Short Blades   | |  1.0
Armour         | |  0.6
Stealth        | |  3.8
Spellcasting   | |  2.1
Hexes          | |  3.6

Action                   || total
-------------------------++-------
Melee: Dagger            ||   105
 Cast: Corona            ||    28
 Stab: Sleeping          ||     2
  Eat: Chunk             ||     1
Armor: Robe              ||     7
       Ring mail         ||    26
Dodge: Dodged            ||    57
